 Dungeon Crawl Stone Soup version 0.20-a0-1034-gb277f92 (webtiles) character file.

1578 zhorgal the Cruncher (level 8, -4/46 HPs)
             Began as a Gargoyle Gladiator on Apr 21, 2017.
             Was a Follower of Trog.
             Killed from afar by a starcursed mass (8 damage)
             ... with an accursed screaming
             ... on level 1 of the Abyss.
             The game lasted 00:19:53 (5689 turns).

zhorgal the Cruncher (Gargoyle Gladiator)           Turns: 5689, Time: 00:19:54

Health: -4/46      AC: 17    Str: 19    XL:     8   Next: 91%
Magic:  6/9        EV: 11    Int: 10    God:    Trog [*.....]
Gold:   330        SH:  0    Dex: 11    Spells: 7/7 levels left

rFire    . . .     SeeInvis +   a - +1 quarterstaff
rCold    . . .     Gourm    .   (shield currently unavailable)
rNeg     + . .     Faith    .   x - quicksilver dragon scales
rPois    ∞         Spirit   .   c - +1 helmet
rElec    +         Reflect  .   (no cloak)
rCorr    .         Harm     +   (no gloves)
MR       +....                  (no boots)
Stlth    +.........             m - amulet of harm
Regen    0.2/turn               p - ring of see invisible
MPRegen  0.2/turn               (no ring)

@: no status effects
A: negative energy resistance 1, electricity resistance, unbreathing,
petrification resistance, rot immunity, AC +5
a: Berserk, Burn Spellbooks, Renounce Religion


You were on level 1 of the Abyss.
You worshipped Trog.
Trog was aware of your devotion.
You were not hungry.

You visited 1 branch of the dungeon, and saw 6 of its levels.
You visited the Abyss 1 time.

You collected 330 gold pieces.

Inventory:

Hand Weapons
 a - a +1 quarterstaff (weapon)
Missiles
 d - a throwing net
 e - 126 stones (quivered)
 k - 2 tomahawks
 n - 4 exploding tomahawks
 t - 55 arrows
Armour
 c - a +1 helmet (worn)
 x - quicksilver dragon scales (worn)
 z - a +0 chain mail
Jewellery
 m - an amulet of harm (around neck)
 p - a ring of see invisible (left hand)
Wands
 s - a wand of iceblast (5/15)
 v - a wand of lightning (5/15)
Scrolls
 b - a scroll of amnesia
 j - 2 scrolls of identify
 l - a scroll of fear
 o - 2 scrolls of remove curse
 w - 2 scrolls of enchant weapon
 y - a scroll of recharging
Potions
 q - a potion of curing
 r - a potion of flight
 u - a potion of experience {unknown}
Comestibles
 f - 7 bread rations
 g - 8 fruits
 h - 2 royal jellies
 i - 2 meat rations


   Skills:
 + Level 3.1 Fighting
 * Level 10.5 Staves
 - Level 1.7 Throwing
 + Level 2.5 Armour
 - Level 2.4 Dodging
 + Level 1.6 Evocations


You had 7 spell levels left.
You didn't know any spells.

Dungeon Overview and Level Annotations

Branches:
Dungeon (6/15)
 Temple: D:4-7

Altars:
Elyvilon
Trog

Shops:
D:4 }

Annotations:
D:3 Avack's ghost, novice DsGl


Innate Abilities, Weirdness & Mutations

You are resistant to torment.
Your stone body is resilient. (AC +5)
You are immune to poison.
You resist negative energy. (rN+)
You are resistant to electric shocks. (rElec)
You can survive without breathing.
You are immune to petrification.
You are immune to rotting.


Message History

The quasit bites you but does no damage.
The quasit closely misses you.
The quasit claws you but does no damage.
A starcursed mass splits.
The quasit barely misses you.
The quasit claws you but does no damage.
The quasit barely misses you.
A deafening chorus of shrieks assaults your mind!
You suddenly lose the ability to move!
You can move again.
A deafening chorus of shrieks assaults your mind!
* * * LOW HITPOINT WARNING * * *
A starcursed mass splits.
A deafening chorus of shrieks assaults your mind!
* * * LOW HITPOINT WARNING * * *
A starcursed mass comes into view.
A starcursed mass splits.
A starcursed mass splits.
A chorus of shrieks assaults your mind.
You die...

......
W..X.##..# .
.#.....#..X≈..#
#..
...##...#.#####
.. #.....W#.##
≈.. .#
.#.##.X..# #.♣≈
.#.##.#.# .. ≈
..#.X## .≈
#.#xX# ..#@##.#
#...#....#
#.#.. ##.#XX#
#.#.# ##.#. #
.# # .. .. . ..
#..


You could see 4 starcursed masses and an ancient zyme.

Vanquished Creatures
  Sigmund (D:3)
  2 sky beasts
  A phantom (D:4)
  3 ogres (D:4)
  3 scorpions
  A jelly (D:5)
  A crimson imp (D:5)
  A bullfrog zombie (D:6)
  2 orc priests (D:3)
  2 hounds
  Ijyb (D:4)
  Terence (D:2)
  An iguana (D:5)
  2 orc wizards
  4 worker ants
  A hound skeleton (D:4)
  A hound zombie (D:5)
  10 gnolls (D:2)
  4 adders
  A shadow imp (D:5)
  2 oozes
  4 worms
  4 dart slugs
  6 leopard geckos
  13 orcs
  5 ball pythons
  A giant cockroach (D:3)
  9 goblins
  8 hobgoblins
  9 jackals
  7 kobolds
  4 quokkas
  4 bats
  6 frilled lizards
  A jackal zombie (D:5)
  2 leopard gecko skeletons (D:5)
  5 rats
133 creatures vanquished.

Vanquished Creatures (others)
  A giant cockroach (D:3)
  A quokka (D:3)
2 creatures vanquished.

Grand Total: 135 creatures vanquished

Notes
Turn   | Place    | Note
-------+----------+-------------------------------------------
     0 | D:1      | zhorgal the Gargoyle Gladiator began the quest for the Orb.
     0 | D:1      | Reached XP level 1. HP: 12/12 MP: 1/1
   133 | D:1      | Reached XP level 2. HP: 17/17 MP: 2/2
   355 | D:1      | Reached skill level 4 in Staves
   616 | D:1      | Reached XP level 3. HP: 7/21 MP: 3/3
  1065 | D:2      | Reached XP level 4. HP: 26/26 MP: 4/4
  1113 | D:2      | Reached skill level 5 in Staves
  1427 | D:2      | Noticed Terence
  1447 | D:2      | Killed Terence
  1453 | D:2      | Reached XP level 5. HP: 24/30 MP: 5/5
  1862 | D:2      | Reached skill level 6 in Staves
  2236 | D:3      | Found a white marble altar of Elyvilon.
  2280 | D:3      | Found a bloodstained altar of Trog.
  2401 | D:3      | Reached XP level 6. HP: 32/35 MP: 6/6
  2432 | D:3      | Reached skill level 7 in Staves
  2462 | D:3      | Noticed Avack's ghost (novice DsGl)
  2749 | D:3      | Noticed Sigmund
  2760 | D:3      | Killed Sigmund
  2760 | D:3      | Reached XP level 7. HP: 31/40 MP: 7/7
  3306 | D:3      | Became a worshipper of Trog the Wrathful
  3368 | D:4      | Reached skill level 8 in Staves
  3589 | D:4      | Reached skill level 9 in Staves
  3719 | D:4      | Found Seseec's Gadget Shop.
  3790 | D:4      | Noticed Ijyb
  3798 | D:4      | Killed Ijyb
  4037 | D:4      | Reached XP level 8. HP: 44/44 MP: 8/8
  4227 | D:5      | Entered Level 5 of the Dungeon
  4399 | D:5      | Reached skill level 10 in Staves
  4709 | D:5      | Reached skill level 1 in Armour
  4709 | D:5      | Reached skill level 1 in Evocations
  4767 | D:5      | Reached * piety under Trog
  5609 | D:6      | Cast into level 1 of the Abyss (orc)
  5613 | Abyss:1  | Found a corrupted altar of Lugonu.
  5630 | Abyss:1  | Noticed an ancient zyme
  5662 | Abyss:1  | Noticed a freezing wraith
  5666 | Abyss:1  | Noticed a starcursed mass
  5666 | Abyss:1  | Noticed a smoke demon
  5667 | Abyss:1  | Noticed a reaper
  5669 | Abyss:1  | Noticed an ancient zyme
  5681 | Abyss:1  | Paralysed by accursed screaming for 1 turns
  5685 | Abyss:1  | Noticed a starcursed mass
  5689 | Abyss:1  | Killed from afar by a starcursed mass

Vault maps used:
D:1:      evilmike_arrival_run_for_it, serial_bayou_lagoon_b
D:2:      first_bread, columned_hall_lemuel, minmay_misc_feat_doors,
          uniq_terence
D:3:      cheibrodos_pilgrimage, lightli_temple_of_fire, elyvilon_altar_4,
          minmay_goblin_kobold_house, uniq_sigmund
D:4:      serial_shops, shop, uniq_ijyb
D:6:      lemuel_round_altar, minmay_temple_entry_mist

Skill      XL: |  1  2  3  4  5  6  7  8 |
---------------+-------------------------+-----
Staves         | 4 5 6 7 9 10 | 10.5
Armour         | 2 |  2.5
Evocations     | 1 |  1.6
Fighting       | 3 |  3.1
Throwing       | |  1.7
Dodging        | |  2.4

Action                   |  1- 3 |  4- 6 |  7- 9 || total
-------------------------+-------+-------+-------++-------
Melee: Quarterstaff      |    54 |   198 |   197 ||   449
Throw: Throwing net      |     2 |       |       ||     2
       Stone             |     2 |    29 |   121 ||   152
  Use: Potion            |       |     6 |     1 ||     7
       Scroll            |       |     5 |     7 ||    12
  Eat: Chunk             |       |     6 |     9 ||    15
Armor: Leather armour    |    27 |       |       ||    27
       Ring mail         |     4 |    10 |       ||    14
       Scale mail        |       |    82 |    16 ||    98
       Quicksilver drago |       |       |    50 ||    50
Dodge: Dodged            |    39 |   123 |    83 ||   245
